 Dungeon Crawl Stone Soup version 0.31-a0-848-gaac375c287 (webtiles) character file.

Game seed: 8496758407723480501

3871 lunkers the Martial Artist (level 10, 0/80 HPs)
             Began as a Meteoran Shapeshifter on Oct 4, 2023.
             Was a Follower of Ru.
             Slain by a wraith (6 damage)
             ... on level 9 of the Dungeon.
             The game lasted 00:11:39 (3678 turns).

lunkers the Martial Artist (Meteoran Shapeshifter)  Turns: 3678, Time: 00:11:39

Health: 0/80       AC: 10    Str: 16    XL:     10   Next: 69%
Magic:  20/20      EV: 14    Int: 12    God:    Ru [*.....]
Gold:   524        SH:  0    Dex: 24    Spells: 9/9 levels left

rFire   . .          .
                       - Unarmed
rCold   . . .        (shield currently unavailable)
rNeg    . . .        f - +1 ring mail
rPois   .            z - +2 hat
rElec   .            m - +0 cloak
rCorr   .            (no gloves)
SInv    .            k - +0 pair of boots
Will    +....        r - amulet of the acrobat
Stlth   +            o - +6 ring of dexterity
HPRegen 0.33/turn    q - ring of magical power
MPRegen 0.17/turn

%: acrobat
@: flux-form, slowed, glowing, very slow
A: glow, contaminating, sense surroundings 2, unskilled 1, otherworldly,
glowing, explore regen
a: Begin Untransformation, Renounce Religion


You were on level 9 of the Dungeon.
You worshipped Ru.
Ru was aware of your devotion.
You were something dangerously unstable.
You visited 1 branch of the dungeon, and saw 9 of its levels.

You collected 524 gold pieces.

Inventory:

Missiles
 g - a throwing net
Armour
 f - a +1 ring mail (worn)
 k - a +0 pair of boots (worn)
 m - a +0 cloak (worn)
 z - a +2 hat (worn)
Jewellery
 e - an amulet of magic regeneration
 o - a +6 ring of dexterity (left hand)
 q - a ring of magical power (right hand)
 r - an amulet of the acrobat (around neck)
Talismans
 c - a beast talisman
 d - a flux talisman (active)
Wands
 p - a wand of flame (29)
 w - a wand of polymorph (4)
Scrolls
 h - 3 scrolls of fog
 i - 2 scrolls of enchant weapon
 j - a scroll of teleportation
 n - 2 scrolls of enchant armour
 s - a scroll of fear
 v - 2 scrolls of blinking
 y - a scroll of revelation
Potions
 a - 2 potions of haste
 l - a potion of invisibility
 t - 2 potions of might
 u - 3 potions of curing
 x - a potion of resistance
 A - a potion of brilliance {unknown}


   Skills:
 + Level 4.7 Fighting
 + Level 5.1 Dodging
 * Level 11.8 Unarmed Combat
 + Level 8.1 Shapeshifting


You had 9 spell levels left.
You didn't know any spells.
Your spell library contained the following spells:

 Spells                   Type           Power      Damage    Failure   Level
 Sting                    Tmut/Pois      0%         1d3       54%         1
 Summon Small Mammal      Summ           0%         N/A       54%         1
 Poisonous Vapours        Pois/Air       0%         N/A       67%         2
 Scorch                   Fire           0%         2d5       67%         2
 Call Canine Familiar     Summ           0%         N/A       88%         3
 Inner Flame              Hex/Fire       0%         N/A       88%         3
 Summon Guardian Golem    Hex/Summ       0%         N/A       88%         3
 Flame Wave               Conj/Fire      0%         2d4       99%         4
 Olgreb's Toxic Radiance  Pois           0%         N/A       99%         4
 Sticky Flame             Conj/Fire      0%         2d3       99%         4
 Summon Cactus Giant      Summ           0%         N/A       100%        6


Dungeon Overview and Level Annotations

Branches:
Dungeon (9/15) Zot: 1799     Lair (0/5) D:8
 Temple: D:4-7          Orc: D:9-12

Altars:
Dithmenos
Kikubaaqudgha
Makhleb
Nemelex Xobeh
Okawaru
Qazlal
Ru
Uskayaw
Vehumet
Zin

Shops:
D:6 [   D:9 [


Innate Abilities, Weirdness & Mutations

You are something dangerously unstable.
You glow with magical radiation, making you easy to see and hit.
Foes you strike become dangerously contaminated with magical radiation.
You are incapable of wielding weapons or throwing items.
You passively map the area around you.
You are somewhat unskilled. (-1 Apt)
You are easily found by Zot.
You glow in the dark.
You regain HP and MP as you explore.


Message History

You hit the wraith but do no damage.
The wraith glows dangerously bright.
The wraith is lightly damaged.
You hear a shout!
You hit the wraith.
The wraith shudders as magic cascades through it.
The wraith is heavily damaged.
The kobold throws a stone.
The stone hits you but does no damage. The wraith barely misses you.
You barely miss the wraith.
The wraith is heavily damaged.
A kobold comes into view. It is wielding a +0 dagger.
The wraith hits you!
* * * LOW HITPOINT WARNING * * *
The kobold shouts!
You hit the wraith.
The wraith begins to glow.
The wraith is heavily damaged.
The kobold throws a stone.
The stone hits you.
* * * LOW HITPOINT WARNING * * *
The wraith hits you!
* * * LOW HITPOINT WARNING * * *
The wraith drains your vigour!
You feel yourself slow down.
A kobold brigand comes into view.
It is wielding a +0 short sword and quivering poisoned darts.
You hit the wraith but do no damage.
The wraith glows dangerously bright.
The wraith is heavily damaged.
A kobold comes into view. It is wielding a +0 whip.
The wraith hits you.
* * * LOW HITPOINT WARNING * * *
You hit the wraith but do no damage.
The wraith shudders as magic cascades through it!
The wraith is almost destroyed.
The kobold hits you but does no damage.
You are electrocuted!
* * * LOW HITPOINT WARNING * * *
The wraith misses you.
You hit the wraith.
The wraith begins to glow.
The wraith is almost destroyed.
The kobold hits you with a +0 short sword of electrocution.
* * * LOW HITPOINT WARNING * * *
A kobold comes into view. It is wielding a +0 club.
The wraith hits you.
You die...

#* #####
#.#####...#
......$...#
..........# *
......Wp..#
......K...# *
.....K...∩# , ,
,,..K.K.....#*
, ,
,,..KK........
, ,
.............#
,K............#
,, ,
.............#
, .######......


You could see a wraith (contam), a kobold brigand and 6 kobolds.

Vanquished Creatures
  A hornet (D:8)
  2 wyverns
  4 steam dragons
  An acid dragon (D:9)
  A water moccasin (D:7)
  An ice beast (D:4)
  2 orc warriors
  4 black bears
  2 ogres
  2 phantoms
  A kobold brigand (D:8)
  3 bullfrogs
  2 scorpions (D:5)
  5 killer bees
  4 howler monkeys
  6 hounds
  2 gnoll boudas
  3 orc priests
  2 jellies (D:6)
  Terence (D:2)
  6 iguanas
  2 sleepcaps
  3 orc wizards
  13 gnolls
  6 adders
  A shadow imp (D:6)
  3 white imps
  3 worms
  3 dart slugs
  18 orcs
  5 endoplasms
  A goblin (D:4)
  6 hobgoblins
  A jackal (D:5)
  7 kobolds
  3 quokkas
  5 ball pythons
  3 bats
  A frilled lizard (D:1)
  3 rats
142 creatures vanquished.

Vanquished Creatures (others)
  An orc wizard (D:3)
1 creature vanquished.

Grand Total: 143 creatures vanquished

Notes
Turn   | Place    | Note
-------+----------+-------------------------------------------
     0 | D:1      | lunkers the Meteoran Shapeshifter began the quest for the
                  | Orb.
     0 | D:1      | Reached XP level 1. HP: 16/16 MP: 2/2
    88 | D:1      | Reached XP level 2. HP: 23/23 MP: 3/3
    94 | D:1      | Reached skill level 4 in Unarmed Combat
   415 | D:1      | Found a faded altar of an unknown god.
   415 | D:1      | Noticed a Tzitzimitl
   481 | D:2      | Noticed Terence
   487 | D:2      | Killed Terence
   488 | D:2      | Reached XP level 3. HP: 28/28 MP: 4/4
   488 | D:2      | Reached XP level 4. HP: 35/35 MP: 5/5
   794 | D:3      | Reached skill level 5 in Unarmed Combat
   886 | D:3      | Reached XP level 5. HP: 22/40 MP: 6/6
  1016 | D:3      | Found a burning altar of Makhleb.
  1266 | D:4      | Reached skill level 6 in Unarmed Combat
  1332 | D:4      | Reached XP level 6. HP: 23/47 MP: 7/7
  1342 | D:4      | Noticed a black bear
  1345 | D:4      | Noticed an ice beast
  1360 | D:4      | Killed a black bear
  1361 | D:4      | Reached skill level 5 in Shapeshifting
  1366 | D:4      | Killed an ice beast
  1367 | D:4      | Reached skill level 7 in Unarmed Combat
  1367 | D:4      | Reached XP level 7. HP: 39/52 MP: 8/8
  1566 | D:4      | Found an ancient bone altar of Kikubaaqudgha.
  1672 | D:4      | Found a shadowy altar of Dithmenos.
  1693 | D:5      | Entered Level 5 of the Dungeon
  1719 | D:5      | Reached skill level 8 in Unarmed Combat
  1764 | D:5      | Reached XP level 8. HP: 47/59 MP: 9/9
  1786 | D:5      | Reached skill level 9 in Unarmed Combat
  1869 | D:5      | Found a sacrificial altar of Ru.
  1909 | D:5      | Became a worshipper of Ru the Awakened
  2076 | D:5      | Reached skill level 10 in Unarmed Combat
  2109 | D:6      | Gained mutation: You passively map the area around you.
                  | [Meteoran growth]
  2109 | D:6      | Reached XP level 9. HP: 29/64 MP: 10/10
  2193 | D:6      | Found a glowing silver altar of Zin.
  2450 | D:6      | Found Wyx Imia's Armour Shop.
  2599 | D:7      | Found a radiant altar of Vehumet.
  2607 | D:7      | Gained mutation: You are somewhat unskilled. (-1 Apt) [Ru
                  | sacrifice]
  2607 | D:7      | Reached * piety under Ru
  2781 | D:7      | Found a sparkling altar of Nemelex Xobeh.
  3058 | D:7      | Found a stormy altar of Qazlal.
  3132 | D:8      | Found a hide-covered altar of Uskayaw.
  3149 | D:8      | Reached XP level 10. HP: 48/77 MP: 11/11
  3196 | D:8      | Reached skill level 11 in Unarmed Combat
  3277 | D:8      | Identified the +0 robe "Fiufef" {*Corrode rElec rF-
                  | Archmagi}
  3350 | D:8      | Found a staircase to the Lair.
  3421 | D:8      | Found an iron altar of Okawaru.
  3662 | D:9      | Reached skill level 5 in Dodging
  3666 | D:9      | Found Plog's Antique Armour Emporium.
  3678 | D:9      | Slain by a wraith

Illustrated notes

Levels and vault maps discovered:
D:1:      elethiomel_arrival_quiet, layout_loops_ring,
          dreamdust_ecumenical_altar_sealed_demon
D:2:      minmay_chambers_of_ones, layout_basic, uniq_terence
D:3:      layout_basic, amcnicky_altar_gilded, uniq_crazy_yiuf_cottage
D:4:      layout_rooms, mainiacjoe_overflow_brackets, marbit_many_paths
D:5:      layout_loops_ring, mainiacjoe_overflow_cross_hatched, minivault_4,
          nzn_random_ring
D:6:      layout_basic, kennysheep_little_box, mainiacjoe_overflow_boulevard,
          minmay_temple_entry_poolview, serial_shops, shop
D:7:      layout_basic, lemuel_round_altar, nemelex_diamond_rough_becter,
          nicolae_qazlal_scattered_showers
D:8:      layout_loops_ring, eat_drink_and_be_merry_uskayaw,
          mainiacjoe_overflow_paths, nicolae_wu_jian_wuxing_cycle,
          minmay_hedge_maze
D:9:      minmay_quarter_circles, layout_irregular_city,
          mainiacjoe_overflow_catwalk, serial_shops, shop

Skill      XL: |  1  2  3  4  5  6  7  8  9 10 |
---------------+-------------------------------+-----
Unarmed Combat | 4 5 6 7 8 10 11 | 11.8
Shapeshifting  | 4 5 6 7 8 |  8.1
Fighting       | 3 4 |  4.7
Dodging        | 3 5 |  5.1

Action                     |  1- 3 |  4- 6 |  7- 9 | 10-12 || total
---------------------------+-------+-------+-------+-------++-------
  Melee: Unarmed           |    33 |    80 |   230 |   119 ||   462
         Punch             |     1 |     6 |     9 |       ||    16
 Invoke: Sacrifice Skill   |       |       |     1 |       ||     1
  Evoke: Wand              |       |       |       |     1 ||     1
    Use: Potion            |     1 |     1 |     1 |       ||     3
         Scroll            |       |     5 |     7 |     4 ||    16
   Stab: Distracted        |       |       |     1 |       ||     1
 Armour: Animal skin       |     4 |       |       |       ||     4
         Ring mail         |    10 |    49 |   150 |    74 ||   283
         Skin              |     3 |     6 |     3 |    15 ||    27
  Dodge: Dodged            |    12 |    43 |   131 |    81 ||   267
   Form: Flux              |       |       |     1 |       ||     1

Table legend: (Time is in decaauts)
 A = Elapsed time spent in this place.
 B = Non-inter-level travel time spent in this place.
 C = Inter-level travel time spent in this place.
 D = Time resting spent in this place.
 E = Time spent auto-exploring this place.
 F = Levels seen in this place.
 G = Mean time per level.
                   A        B        C        D        E       F      G
               +--------+--------+--------+--------+--------+-----+--------+
         Total |   3600 |   3542 |     58 |     59 |   2124 |   9 |  400.0 |
       Dungeon |   3600 |   3542 |     58 |     59 |   2124 |   9 |  400.0 |
               +--------+--------+--------+--------+--------+-----+--------+

Top non-repeatable levels by time:
     D:7: 613 daAuts
     D:3: 477 daAuts
     D:1: 476 daAuts
     D:8: 435 daAuts
     D:4: 424 daAuts
     D:6: 395 daAuts
     D:5: 393 daAuts
     D:2: 298 daAuts
     D:9: 85 daAuts
